Unix NetHack Version 5.0.0-0 post-release - last build May  4 2026 22:22:43 (774f63e81ad911689b3a0859ea89b322d5daca8d,branch:main).

Game began 2026-05-07 23:18:31, ended 2026-05-08 00:17:27.

Drastanta, lawful male human Samurai

              ----
             --..|
             |*..|
             |...|  -----      -.
           ---.|.|  |...-- -- -.-
           |...|.|  |....--.--..|
         ---..-|.|  --........(--  ---
       ---....-|.|----..........| --.--
    ----.).....|.||..........| .|--...--   |
   --...<....%--.--........--- -|......##-.|
 ---.................|.--..|    |..@.....G.|
--.........-----.---------.|   --.a?a.....##
|..........|   |.|       |.--  |......G.h..#
|..........|   |.|       |..|  ----..%.....-
---....--.--   |.--      --.|     |%%---....-
 --...-----    |..|       |.|-----|%--  --....             |
 |....--.|    --..--      |.--.|.--.--------....    .......--
 |.......|    |....|     --.................................|
 |......--    |....|     |...|.--...--------   ----        --
 -----.--     ---.--     |..------.--
     ---         --      ----    ---
Drastanta the Ninja    St:18 Dx:15 Co:18 In:11 Wi:8 Ch:6  Lawful
Dlvl:7  $:364 HP:0(62) Pw:24(24) AC:1  Xp:7 T:3514 

Latest messages:
 You hit the gnome lord.
 You kill the gnome lord!
 You hit the gnome.
 The gnome misses!
 You kill the gnome!
 You hit the gnome.
 You kill the gnome!
 You see here a gnome corpse.
 The gnome hits!
 You hit the gnome.
 You hit the gnome.
 The gnome misses!
 You kill the gnome!
 The soldier ant misses!
 The soldier ant stings!
 You miss the soldier ant.
 The soldier ant bites!
 The soldier ant stings!
 What do you want to wield? [- abcdN or ?*] <esc>
 Never mind.
 The soldier ant bites!
 The soldier ant stings!
 What do you want to use or apply? [myDEHP-R or ?*] ?
 Are you sure you want to pray? [yn] (n) y
 You begin praying to Amaterasu Omikami.
 You are surrounded by a shimmering light.
 The soldier ant starts to attack you, but pulls back.
 The soldier ant starts to attack you, but pulls back.
 The soldier ant starts to attack you, but pulls back.
 The soldier ant starts to attack you, but pulls back.
 The soldier ant starts to attack you, but pulls back.
 The soldier ant starts to attack you, but pulls back.
 The soldier ant starts to attack you, but pulls back.
 The soldier ant starts to attack you, but pulls back.
 You finish your prayer.
 You feel that Amaterasu Omikami is well-pleased.
 What do you want to zap? [mDPQR or ?*] ?
 In what direction? 2
 You kill the soldier ant!
 The soldier ant bites!
 The soldier ant just misses!
 The soldier ant bites!
 The soldier ant misses!
 The soldier ant bites!
 You die...
 Do you want your possessions identified? [ynq] (y) y
 Do you want to see your attributes? [ynq] (y) y
 Do you want an account of creatures vanquished? [ynaq] (y) y
 Do you want to see your conduct and achievements? [ynq] (y) y
 Do you want to see the dungeon overview? [ynq] (y) y

Inventory:
 Coins    ('$')
  $ - 364 gold pieces
 Weapons  (')')
  d - 15 +0 ya (in quiver)
  c - a +0 yumi (weapon in right hand)
  N - a rustproof +0 dart
  a - a +0 katana (alternate weapon; not wielded)
  b - a +0 wakizashi
 Armor    ('[')
  S - an uncursed +0 orcish helm (being worn)
  M - an uncursed +0 pair of iron shoes (being worn)
  e - an uncursed rustproof +0 splint mail (being worn)
 Comestibles  ('%')
  U - 2 uncursed gunyoki
  w - 2 uncursed lembas wafers
  u - 2 uncursed tripe rations
  V - an uncursed tin of candied lichen
  X - an uncursed lichen corpse
 Rings    ('=')
  B - an uncursed ring of invisibility
  j - an uncursed ring of levitation
 Wands    ('/')
  D - a wand of digging (0:5)
  Q - a wand of light (0:12)
  P - a wand of lightning (0:6)
  m - a wand of slow monster (0:6)
  R - a wand of speed monster (0:5)
 Tools    ('(')
  H - an uncursed bag of holding containing 16 items
  E - an uncursed skeleton key
  y - an uncursed tin whistle

Contents of the bag of holding:
  3 uncursed scrolls of confuse monster
  2 uncursed scrolls of enchant weapon
  2 uncursed scrolls of identify
  2 uncursed scrolls of light
  an uncursed scroll of punishment
  an uncursed potion of extra healing
  an uncursed potion of healing
  an uncursed potion of invisibility
  an uncursed potion of levitation
  an uncursed potion of object detection
  an uncursed potion of sake
  an uncursed potion of sickness
  2 uncursed potions of speed
  a cursed magic marker (0:19)
  a cursed stethoscope
  an uncursed towel

Drastanta the Samurai's attributes:

Background:
 You were a Ninja, a level 7 male human Samurai.
 You were lawful, on a mission for Amaterasu Omikami
 who was opposed by Raijin (neutral) and Susanowo (chaotic).
 You were right-handed.
 You were in the Gnomish Mines, on level 7.
 You entered the dungeon 3514 turns ago.
 It was the midnight hour.
 You had 772 experience points, 508 more were needed to attain level 8.

Basics:
 You had 0 out of 62 hit points.
 You had all 24 energy points (spell power).
 Your armor class was 1.
 Your wallet contained 364 zorkmids.
 Autopickup was off.

Final Characteristics:
 Your strength was 18 (limit:18/100).
 Your dexterity was 15 (limit:18).
 Your constitution was 18 (limit:18).
 Your intelligence was 11 (limit:18).
 Your wisdom was 8 (limit:18).
 Your charisma was 6 (limit:18).

Final Status:
 You weren't hungry.
 You were unencumbered.
 You were wielding a bow.
 You had basic skill with bow.

Final Attributes:
 You were piously aligned.
 You were poison resistant.
 You were telepathic.
 You were warded.
 You were fast.
 You are dead.

Miscellaneous:
 You encountered 1 bones level.
 Total elapsed playing time was 58 minutes and 55 seconds.

Major events:
 Turn
    1: Drastanta the lawful male human Samurai entered the dungeon
  519: attained the rank of Ronin (level 3)
 2326: entered the Gnomish Mines
 2432: attained the rank of Ninja (level 6)
 2961: reached Mine Town
 3514: killed by a soldier ant

You didn't know any spells.

Skills:
 Fighting Skills
   martial arts      [Basic]
   two weapon combat [Unskilled]
   riding            [Unskilled]
 Weapon Skills
   dagger            [Unskilled]
   knife             [Unskilled]
   short sword       [Basic]
   broadsword        [Unskilled]
   long sword        [Basic]
   two-handed sword  [Unskilled]
   saber             [Unskilled]
   flail             [Unskilled]
   quarterstaff      [Unskilled]
   polearms          [Unskilled]
   spear             [Unskilled]
   lance             [Unskilled]
   bow               [Basic]
   shuriken          [Unskilled]
 Spellcasting Skills
   attack spells     [Unskilled]
   divination spells [Unskilled]
   clerical spells   [Unskilled]

Voluntary challenges:
 Character rerolling was not enabled.
 You never genocided any monsters.
 You never polymorphed an object.
 You never changed form.
 You used no wishes.
Achievements:
 You entered a shop.
 You attained the rank of Ronin.
 You entered the Gnomish Mines.
 You attained the rank of Ninja.
 You entered Minetown.
 You entered a temple.

 The Dungeons of Doom: levels 1 to 6
    Level 1:
    Level 2:
       A potion shop.
    Level 3:
       A fountain, a grave.
       Stairs down to The Gnomish Mines.
    Level 4:
       A general store.
    Level 5:
    Level 6:
       Many fountains.
 The Gnomish Mines: levels 4 to 7
    Level 4:
    Level 5:
    Level 6:
       A general store, a temple and an altar to Amaterasu Omikami, some fountains, a sink.
       Final resting place for
          poiuztrewq-Wiz-Elf-Fem-Cha, killed by a priestess of Ptah.
    Level 7: <- You were here.
       Final resting place for
          you, killed by a soldier ant.


Vanquished creatures:
  a small mimic
  a giant beetle
  2 leprechauns
 an iron piercer
  a Woodland-elf
  a soldier ant
  2 rock moles
  a pony
  2 fog clouds
  a yellow light
  2 shriekers
  6 gnome leaders
  a gray ooze
  2 elf zombies
  4 giant ants
  4 floating eyes
  2 dwarves
  a rothe
  a giant bat
  a wererat
 an acid blob
  a hobbit
  2 large kobolds
  a giant rat
  a brown mold
 26 gnomes
  4 geckos
  a jackal
  a fox
  3 goblins
  a bat
  4 lichens
  a kobold zombie
  6 newts
90 creatures vanquished.

No species were genocided or became extinct.

Game over:
                       ----------
                      /          \
                     /    REST    \
                    /      IN      \
                   /     PEACE      \
                  /                  \
                  |    Drastanta     |
                  |      364 Au      |
                  |   killed by a    |
                  |   soldier ant    |
                  |                  |
                  |                  |
                  |       2026       |
                 *|     *  *  *      | *
        _________)/\\_//(\/(/\)/\//\/|_)_______

Sayonara Drastanta the Samurai...

You died in The Gnomish Mines on dungeon level 7 with 3764 points,
and 364 pieces of gold, after 3514 moves.
You were level 7 with a maximum of 62 hit points when you died.

